 Dungeon Crawl Stone Soup version 0.29.0-7-g18a832c13a (webtiles) character file.

Game seed: 3590238679513158031

2694 browni3141 the Skirmisher (level 9, -1/83 HPs)
             Began as a Troll Cinder Acolyte on Aug 30, 2022.
             Was a High Priest of Ignis.
             Slain by a death yak (21 damage)
             ... on level 8 of the Dungeon.
             The game lasted 00:09:04 (5489 turns).

browni3141 the Skirmisher (Troll Cinder Acolyte)    Turns: 5489, Time: 00:09:05

Health: -1/83      AC:  7    Str: 28    XL:     9   Next: 38%
Magic:  8/9        EV:  9    Int: 18    God:    Ignis [*****.]
Gold:   492        SH:  0    Dex:  5    Spells: 10/10 levels left

rFire   + . .      SeeInvis +   b - +10 sling "Niddi" {venom, +Blink Will- Int+2 SInv}
rCold   . . .      Faith    .   (no shield)
rNeg    . . .      Spirit   .   a - +0 robe
rPois   .          Reflect  .   l - +0 hat
rElec   .          Harm     .   n - +2 cloak
rCorr   .          Rampage  .   (gloves unavailable)
Will    .....                   (boots unavailable)
Stlth   +.........              (no amulet)
HPRegen 1.03/turn               Y - +4 ring of slaying
MPRegen 0.11/turn               I - +6 ring of intelligence

@: rising, on blink cooldown, flying
A: large, unfitting armour, claws 3, regeneration 1, shaggy fur 1, tough skin 1
a: Renounce Religion, Evoke Blink, Fiery Armour, Foxfire Swarm


You were on level 8 of the Dungeon.
You worshipped Ignis.
Ignis was extremely pleased with you.
You visited 1 branch of the dungeon, and saw 8 of its levels.

You collected 492 gold pieces.


Innate Abilities, Weirdness & Mutations

You are too large for most types of armour.
You have claws for hands.
Your natural rate of healing is unusually fast.
You are covered in fur. (AC +1)
You have tough skin. (AC +1)


   Skills:
 + Level 3.6 Fighting
 - Level 8.0 Ranged Weapons
 * Level 5.9 Unarmed Combat
 - Level 1.0 Spellcasting
 - Level 2.1 Fire Magic


You had 10 spell levels left.
You didn't know any spells.
Your spell library contained the following spells:

 Spells                   Type           Power      Damage    Failure   Level
 Scorch                   Fire           16%        2d5       12%         2
 Call Canine Familiar     Summ           0%         N/A       52%         3
 Frozen Ramparts          Ice            0%         1d1       52%         3
 Gell's Gravitas          Tloc           0%         N/A       52%         3
 Ozocubu's Armour         Ice            0%         N/A       52%         3
 Portal Projectile        Hex/Tloc       0%         N/A       52%         3
 Stone Arrow              Conj/Erth      0%         3d7       52%         3
 Teleport Other           Tloc           0%         N/A       52%         3
 Flame Wave               Conj/Fire      4%         2d5       77%         4
 Animate Armour           Summ/Erth      0%         N/A       89%         4
 Ice Form                 Ice/Tmut       0%         N/A       89%         4
 Leda's Liquefaction      Hex/Erth       0%         N/A       89%         4
 Summon Ice Beast         Ice/Summ       0%         N/A       89%         4
 Dispersal                Tloc           0%         N/A       100%        6
 Summon Cactus Giant      Summ           0%         N/A       100%        6
 Ozocubu's Refrigeration  Ice            0%         4d7       100%        7
 Borgnjor's Revivificati  Necr           0%         N/A       100%        8
 Lehudib's Crystal Spear  Conj/Erth      0%         10d2      100%        8
 Necromutation            Tmut/Necr      0%         N/A       100%        8
 Death's Door             Necr           0%         N/A       100%        9

Inventory:

Hand Weapons
 b - the +10 sling "Niddi" (weapon) {venom, +Blink Will- Int+2 SInv}
   (You found it on level 2 of the Dungeon)

   Any ammunition fired from it poisons the flesh of those it strikes.
   Int:       It affects your intelligence (+2).
   SInv:      It lets you see invisible.
   +Blink:    It lets you blink.
   Will:      It decreases your willpower.
Missiles
 w - 3 poisoned darts {@f3}
 C - 3 curare-tipped darts {@f4}
 G - a throwing net
Armour
 a - a +0 robe (worn)
 d - a +0 cloak
 l - a +0 hat (worn)
 n - a +2 cloak (worn)
Magical Staves
 u - a staff of death
Jewellery
 m - a ring of willpower
 r - an amulet of magic regeneration
 I - a +6 ring of intelligence (right claw)
 P - a ring of poison resistance {@f3}
 R - a ring of resist corrosion
 X - a +6 ring of dexterity
 Y - a +4 ring of slaying (left claw)
Wands
 A - a wand of polymorph (6)
 L - a wand of iceblast (8)
Scrolls
 c - a scroll of immolation {unknown}
 f - 2 scrolls of amnesia {unknown}
 g - 4 scrolls of teleportation {unknown}
 h - 2 scrolls of identify {unknown}
 i - 3 scrolls of fear {unknown}
 j - 3 scrolls of enchant weapon {unknown}
 p - 3 scrolls of magic mapping {unknown}
 t - 3 scrolls of vulnerability {unknown}
 v - 2 scrolls of enchant armour {unknown}
 x - 2 scrolls of butterflies {unknown}
 y - a scroll of poison {unknown}
 F - a scroll of blinking {unknown}
 H - a scroll of summoning {unknown}
 M - 2 scrolls of noise {unknown}
Potions
 e - 2 potions of flight {unknown}
 k - 2 potions of might {unknown}
 o - 2 potions of brilliance {unknown}
 q - a potion of attraction {unknown}
 s - 2 potions of curing {@q1}
 z - 3 potions of lignification {unknown}
 B - 2 potions of ambrosia {unknown}
 D - 2 potions of mutation {unknown}
 E - 2 potions of magic {unknown}
 J - 2 potions of berserk rage {unknown}
 K - 2 potions of invisibility {unknown}
 N - 2 potions of degeneration {unknown}

Dungeon Overview and Level Annotations

Branches:
Dungeon (8/15)             Temple (0/1) D:6
   Lair: D:8-11

Altars:
Ashenzari
Elyvilon
Fedhas
Nemelex Xobeh
Qazlal
Vehumet
Xom

Shops:
D:7 :: D:8

=[ ..........∩..#.#
.#....#..¦.¦...## ..
......#.........##¦¦.¦¦.
................#......
......#.........#....##
.....##...#...........###
.....#...##.............##
###......##........##?...#
# #............Y@Y.:....#
.####.##.....§.Y(YY.....#
.###....#.....#..#......#
.##...........####.....##
..#....#......###.....##
.......##.........#...#
...............#......#
...............###...##
..........##...#####.#


You could see 5 death yaks.


Message History

You kill the bullfrog!
The death yak snorts and paws the ground.
The death yak looks more healthy.
There is a stone staircase leading up here.
A death yak comes into view.
The death yak bellows!
You hear a bellow!
The death yak moves out of view. 2 death yaks come into view.
The death yak bellows! x2
The death yak attacks as you move away! The death yak gores you!!
Found a book of Unlife and a scroll labelled JES VOACEA.
The death yak attacks as you move away! The death yak gores you.
You see here 4 stones {@f1}.
The death yak attacks as you move away! The death yak gores you!!
You blink.
The death yak gores you. The death yak barely misses you.
Unknown command.
Okay, then.
You begin to rise into the air.
The death yak gores you but does no damage.
The death yak gores you!!
* * * LOW HITPOINT WARNING * * *
The death yak closely misses you.
Unknown command.
Unknown command.
Unknown command.
You feel better. The death yak gores you!!
* * * LOW HITPOINT WARNING * * *
The death yak gores you but does no damage.
The death yak gores you!!
You die...

Skill      XL: |  1  2  3  4  5  6  7  8  9 |
---------------+----------------------------+-----
Ranged Weapons | 2 3 4 5 7 8 |  8.0
Unarmed Combat | 4 5 |  5.9
Fighting       | 3 |  3.6
Spellcasting   | |  1.0
Fire Magic     | |  2.1

Action                   |  1- 3 |  4- 6 |  7- 9 || total
-------------------------+-------+-------+-------++-------
Melee: Unarmed           |    50 |     5 |    26 ||    81
       Sling             |       |       |     2 ||     2
       Punch             |       |       |     1 ||     1
 Fire: Sling             |    64 |    88 |   139 ||   291
Invok: Fiery Armour      |       |       |     1 ||     1
       Rising Flame      |       |       |     1 ||     1
 Abil: Evoke Blink       |       |       |     1 ||     1
  Use: Potion            |       |       |     2 ||     2
Armor: Robe              |    39 |    11 |    27 ||    77
Dodge: Dodged            |    47 |    13 |    52 ||   112

Levels and vault maps discovered:
D:1:      dpeg_arrival_boxes_within_box, layout_basic,
          ebering_ecumenical_altar_rust
D:2:      layout_rooms, minivault_26
D:3:      layout_basic, nicolae_vehumet_altar_sigil, grunt_temple_overflow_open,
          nemelex_dance_club_becter, grunt_ministairs_15, kennysheep_donut,
          kennysheep_big_empty_room, minmay_increasing_density
D:4:      layout_rooms, grunt_ministairs_13
D:5:      minmay_razor_zed, layout_loops_ring
D:6:      layout_basic, minmay_temple_entry_wispy, grunt_decor_mini_mirrors,
          nicolae_sextant, minmay_misc_feat_room, uniq_blork_the_orc,
          uniq_edmund
D:7:      layout_gridville, mainiacjoe_overflow_six_doors_small, serial_shops,
          nicolae_inconvenience_store, minmay_misc_feat_tower,
          nicolae_shop_vocational
D:8:      layout_cave_pools, nzn_wu_jian_contemplation, lemuel_round_altar,
          dpeg_lair_monsters, ebering_ghost_disaster_area, serial_shops,
          nicolae_shop_crystal, nicolae_stop_n_shop_2, nicolae_shop_crystal,
          nicolae_titane

Notes
Turn   | Place    | Note
-------+----------+-------------------------------------------
     0 | D:1      | browni3141 the Troll Cinder Acolyte began the quest for the
                  | Orb.
     0 | D:1      | Reached XP level 1. HP: 22/22 MP: 1/1
   224 | D:1      | Found a faded altar of an unknown god.
   243 | D:1      | Reached XP level 2. HP: 29/29 MP: 2/2
   598 | D:2      | Identified the +10 sling "Niddi" {venom, +Blink Will- Int+2
                  | SInv}
   706 | D:2      | Reached XP level 3. HP: 36/36 MP: 3/3
   869 | D:2      | Reached skill level 1 in Ranged Weapons
  1114 | D:3      | Found a shimmering altar of Xom.
  1115 | D:3      | Found a white marble altar of Elyvilon.
  1122 | D:3      | Found a blossoming altar of Fedhas.
  1122 | D:3      | Found a broken altar of Ashenzari.
  1304 | D:3      | Noticed a phantom
  1317 | D:3      | Killed a phantom
  1318 | D:3      | Reached skill level 2 in Ranged Weapons
  1318 | D:3      | Reached XP level 4. HP: 29/44 MP: 4/4
  1414 | D:3      | Reached XP level 5. HP: 50/50 MP: 5/5
  1458 | D:3      | Found a radiant altar of Vehumet.
  1523 | D:3      | Found a sparkling altar of Nemelex Xobeh.
  1995 | D:4      | Reached skill level 3 in Ranged Weapons
  2108 | D:4      | Reached XP level 6. HP: 59/59 MP: 6/6
  2389 | D:5      | Entered Level 5 of the Dungeon
  2470 | D:5      | Reached skill level 4 in Ranged Weapons
  2470 | D:5      | Reached skill level 4 in Unarmed Combat
  2513 | D:5      | Reached XP level 7. HP: 9/64 MP: 7/7
  3003 | D:5      | Reached skill level 5 in Ranged Weapons
  3025 | D:5      | Identified the +1 leather armour "Enwoaschi" {rPois rN+++
                  | Dex-5 SInv}
  3255 | D:6      | Noticed Edmund
  3265 | D:6      | Killed Edmund
  3266 | D:6      | Reached XP level 8. HP: 62/74 MP: 8/8
  3294 | D:6      | Found a staircase to the Ecumenical Temple.
  3315 | D:6      | Reached skill level 6 in Ranged Weapons
  3748 | D:6      | Reached skill level 7 in Ranged Weapons
  3754 | D:6      | Noticed Blork the orc
  3758 | D:6      | Killed Blork the orc
  3761 | D:6      | Identified the +6 scale mail of the Gardener {rF++ rN+
                  | Will- rCorr}
  4049 | D:7      | Found a stormy altar of Qazlal.
  4376 | D:7      | Reached XP level 9. HP: 35/80 MP: 9/9
  4421 | D:7      | Reached skill level 8 in Ranged Weapons
  4525 | D:7      | Found Bunn's Vocational Training.
  4726 | D:7      | Found Heecraph's Book Boutique.
  4889 | D:7      | Reached skill level 3 in Fighting
  4891 | D:7      | Reached skill level 5 in Unarmed Combat
  5252 | D:8      | Found Cuat's Antique Armour Emporium.
  5316 | D:8      | Found Aveuc's Jewellery Emporium.
  5382 | D:8      | Noticed a death yak
  5382 | D:8      | Noticed a death yak
  5382 | D:8      | Noticed a death yak
  5384 | D:8      | Noticed a death yak
  5474 | D:8      | Noticed a death yak
  5475 | D:8      | Noticed a death yak
  5475 | D:8      | Noticed a death yak
  5489 | D:8      | Slain by a death yak

Vanquished Creatures
  2 wyverns
  Edmund (D:6)
  2 orc warriors (D:7)
  A black bear (D:5)
  2 centaurs
  2 ogres (D:5)
  A phantom (D:3)
  Blork the orc (D:6)
  2 bullfrogs
  A gnoll sergeant (D:8)
  3 scorpions
  3 necrophages
  4 wights (D:7)
  A killer bee (D:5)
  A gnoll bouda (D:5)
  5 hounds
  2 jellies
  2 orc priests
  3 iguanas
  6 orc wizards
  4 gnolls
  6 adders
  An ufetubus (D:7)
  4 worms
  4 dart slugs
  12 orcs
  3 ball pythons
  5 endoplasms
  5 giant cockroaches
  5 goblins
  5 hobgoblins
  9 jackals
  2 quokkas
  11 bats
  3 frilled lizards
  7 kobolds
  9 rats
140 creatures vanquished.

Vanquished Creatures (others)
  An orc wizard (D:7)
1 creature vanquished.

Grand Total: 141 creatures vanquished

Table legend: (Time is in decaauts)
 A = Elapsed time spent in this place.
 B = Non-inter-level travel time spent in this place.
 C = Inter-level travel time spent in this place.
 D = Time resting spent in this place.
 E = Time spent auto-exploring this place.
 F = Levels seen in this place.
 G = Mean time per level.
                   A        B        C        D        E       F      G
               +--------+--------+--------+--------+--------+-----+--------+
         Total |   5525 |   5303 |    222 |     28 |   4241 |   8 |  690.6 |
       Dungeon |   5525 |   5303 |    222 |     28 |   4241 |   8 |  690.6 |
               +--------+--------+--------+--------+--------+-----+--------+

Top non-repeatable levels by time:
     D:7: 1200 daAuts
     D:5: 851 daAuts
     D:3: 851 daAuts
     D:6: 770 daAuts
     D:1: 577 daAuts
     D:2: 526 daAuts
     D:4: 467 daAuts
     D:8: 279 daAuts

Table legend:
 A = Non-vault XP
 B = Vault XP
 C = Vault XP percentage of total XP
 D = Non-vault monster count
 E = Vault monster count
 F = Vault count percentage of total count
                 A         B        C        D         E       F
            +---------+---------+-------+---------+---------+-------
      Total |    2905 |     944 |  24.5 |     112 |      28 |  20.0
            +---------+---------+-------+---------+---------+-------
        D:1 |      22 |       0 |   0.0 |      13 |       0 |   0.0
        D:2 |      51 |       0 |   0.0 |      23 |       0 |   0.0
        D:3 |     126 |      21 |  14.3 |      14 |      11 |  44.0
        D:4 |     181 |      14 |   7.2 |      18 |       2 |  10.0
        D:5 |     241 |     631 |  72.4 |       6 |      13 |  68.4
        D:6 |     703 |     278 |  28.3 |      16 |       2 |  11.1
        D:7 |    1139 |       0 |   0.0 |      16 |       0 |   0.0
        D:8 |     442 |       0 |   0.0 |       6 |       0 |   0.0
            +---------+---------+-------+---------+---------+-------
